 Dungeon Crawl Stone Soup version 0.29.1-1-gd02db6906a (webtiles) character file.

Game seed: 10636056381481460946

25 Ovid the Magician (level 3, -2/26 HPs)
             Began as a Djinni Fire Elementalist on Sept 17, 2022.
             Slain by an iguana (9 damage)
             ... on level 4 of the Dungeon.
             The game lasted 00:02:37 (533 turns).

Ovid the Magician (Djinni Fire Elementalist)         Turns: 533, Time: 00:02:37

Health: -2/26      AC:  2    Str:  9    XL:     3   Next: 20%
Gold:   51         EV: 12    Int: 16    God:
                   SH:  0    Dex: 13

rFire   + + .      SeeInvis .   b - staff of poison
rCold   x . .      Faith    .   (no shield)
rNeg    . . .      Spirit   .   a - +0 robe
rPois   ∞          Reflect  .   (no helmet)
rElec   .          Harm     .   (no cloak)
rCorr   .          Rampage  .   (no gloves)
Will    .....                   (boots unavailable)
Stlth   ++........              (no amulet)
HPRegen 0.08/turn               (no ring)
MPRegen 0.00/turn               (no ring)

@: flying, very slightly contaminated
A: sickness immunity, fire resistance 2, cold vulnerability 1, float, innate
caster, HP casting, extra vitality 1
a: no special abilities


You were on level 4 of the Dungeon.
You visited 1 branch of the dungeon, and saw 4 of its levels.

You collected 51 gold pieces.

Inventory:

Armour
 a - a +0 robe (worn)
Magical Staves
 b - a staff of poison (weapon)
Scrolls
 c - a scroll of identify {unknown}


   Skills:
 * Level 0.4 Fighting
 * Level 0.4 Staves
 * Level 2.4 Dodging
 * Level 1.7 Stealth
 * Level 2.9 Spellcasting
 * Level 0.4 Evocations


You couldn't memorise any spells.
You knew the following spells:

 Your Spells              Type           Power      Damage    Failure   Level
a - Foxfire               Conj/Fire      44%        2x1d6     6%          1
b - Scorch                Fire           22%        2d6       9%          2
c - Conjure Flame         Conj/Fire      11%        6-21      17%         3
d - Inner Flame           Hex/Fire       11%        N/A       17%         3
e - Flame Wave            Conj/Fire      11%        2d6       50%         4
f - Beastly Appendage     Tmut           22%        N/A       6%          1
Your spell library was empty.

Dungeon Overview and Level Annotations

Branches:
Dungeon (4/15)
 Temple: D:4-7

Altars:


Innate Abilities, Weirdness & Mutations

You are immune to sickness and miasma.
You are immune to poison.
Your flesh is very heat resistant. (rF++)
You are vulnerable to cold. (rC-)
You float through the air rather than walking.
You learn spells naturally, not from books.
Your magical power is your life essence.
You have superior vitality. (+4 MHP)


Message History

You hit the adder.
You kill the adder!
You have reached level 3!
Your experience leads to an increase in your attributes!
Increase (S)trength, (I)ntelligence, or (D)exterity?
You feel stronger. x2
The power to cast Beastly Appendage wells up from within.
Spell assigned to 'f'.
You see here an adder corpse.
Casting: Foxfire (safe; 6% risk of failure)
Confirm with . or Enter, or press ? or * to list all spells.
Okay, then.
Casting: Foxfire (safe; 6% risk of failure)
Confirm with . or Enter, or press ? or * to list all spells.
You can't see any susceptible monsters within range! (Use Z to cast anyway.) Unknown command.
Found 9 gold pieces.
There is a stone staircase leading down here.
You now have 51 gold pieces (gained 9).
There is a stone staircase leading down here.
You fly downwards.
Found a scroll labelled OWORYSIBOE.
Found a stone staircase leading down.
There is a stone staircase leading up here.
Casting: Scorch (safe; 9% risk of failure)
Press: ? - help, Q - select action, (/) - cycle Dir - look around, f - activate Flames lash the iguana.
The iguana hisses angrily.
The iguana is heavily wounded.
The iguana's fire resistance burns away.
You barely miss the iguana.
The iguana is heavily wounded.
The iguana bites you!
Casting: Scorch (safe; 9% risk of failure)
Press: ? - help, Q - select action, (/) - cycle Dir - look around, f - activate You miscast Scorch.
You are very lightly contaminated with residual magic.
Nothing appears to happen.
* * * LOW HITPOINT WARNING * * *
The iguana bites you!
You die...

... #.. ##..
#... #... #.. +#
#+###..##.###..#
......l@<.......
.............?..
.>..............
................
................
#####...#####...
#...# .## .....
.


You could see an iguana (combustible).

Vanquished Creatures
  2 adders
  An orc (D:3)
  A ball python (D:1)
  A giant cockroach (D:1)
  2 hobgoblins
7 creatures vanquished.

Vanquished Creatures (collateral kills)
  A foxfire (D:2)
1 creature vanquished.

Vanquished Creatures (others)
  14 foxfires
  A plant (D:2)
15 creatures vanquished.

Grand Total: 23 creatures vanquished

Notes
Turn   | Place    | Note
-------+----------+-------------------------------------------
     0 | D:1      | Ovid the Djinni Fire Elementalist began the quest for the
                  | Orb.
     0 | D:1      | Ovid set off with the following spells memorised: Foxfire,
                  | Scorch, Conjure Flame, Inner Flame, Flame Wave.
     0 | D:1      | Reached XP level 1. HP: 15/15 MP: 0/0
   283 | D:2      | Reached XP level 2. HP: 10/21 MP: 0/0
   491 | D:3      | Reached XP level 3. HP: 16/26 MP: 0/0
   491 | D:3      | Learned a level 1 spell: Beastly Appendage
   533 | D:4      | Slain by an iguana

Illustrated notes

Levels and vault maps discovered:
D:1:      roderic_dead_forest, layout_basic
D:2:      layout_basic, hellmonk_ecumenical_altar_arch_garden, serial_forest,
          infiniplex_forest_lined_2, infiniplex_forest_straight_5,
          infiniplex_forest_lined_room_, infiniplex_forest_zigzag_2,
          infiniplex_forest_end_1, infiniplex_forest_straight_4,
          infiniplex_forest_clump_long, infiniplex_forest_clump_tiny,
          infiniplex_forest_corner_2
D:3:      layout_loops_corners, grunt_temple_overflow_open,
          mainiacjoe_overflow_boulevard, okawaru_metal_pillars_1_2,
          uniq_terence, uniq_ijyb
D:4:      layout_gridville, gammafunk_temple_overflow_claw, uniq_eustachio

Action                   || total
-------------------------++-------
Melee: Staff             ||    11
 Cast: Foxfire           ||    11
       Scorch            ||     1
Armor: Robe              ||     3
Dodge: Dodged            ||    17
